Map: Ulrena

Players

zidar

  • Race: Zerg Zerg
  • League: Silver
  • Spawn Location: 11:00

Karol - Winner!

  • Race: Zerg Zerg
  • League: Silver
  • Spawn Location: 7:00

VOD

Have the link to the VOD?

Description

Time

  • Played on: Jan. 19, 2016, 1:32 p.m.
  • Length: 4:37
Show
View Real Time Build Order
Export as new Build Order

zidar Zerg 

Build Orders: Pool First 

Get SALT Encoding   

  12  0:02  Drone  
  13  0:12  Overlord  
  13  0:17  Drone  
  14  0:30  Drone x2  
  16  0:36  Drone  
  17  0:48  Spawning Pool  
  16  0:50  Drone  
  16  0:54  Extractor  
  16  1:19  Drone  
  16  1:21  Overlord  
  16  1:25  Drone  
  17  1:36  Hatchery  
  16  1:46  Spine Crawler  
  15  1:57  Queen  
  17  2:02  Zergling x2  
  17  2:06  Zergling x2  
  14  2:26  Zergling x2  
  14  2:27  Zergling x2  
  14  2:53  Spine Crawler  
  14  2:58  Zergling x2  
  14  3:01  Zergling x2  
  15  3:12  Zergling x2  
  16  3:17  Zergling x2  
  17  3:24  Drone  
  18  3:41  Drone x2  
  20  3:52  Zergling x2  
  20  3:53  Zergling x2  
  22  4:12  Roach Warren  
Show
View Real Time Build Order
Export as new Build Order

Karol Zerg - Winner!

Build Orders: Pool First 

Get SALT Encoding   

  12  0:20  Spawning Pool  
  11  0:23  Drone  
  11  0:27  Drone  
  13  0:35  Overlord  
  13  0:42  Drone  
  14  0:46  Extractor  
  14  0:49  Drone  
  14  1:08  Zergling x4  
  14  1:09  Queen  
  18  1:17  Zergling x2  
  19  1:28  Zergling x2  
  20  1:48  Hatchery  
  20  1:53  Zergling x2, Drone  
  21  2:07  Zergling x2  
  22  2:16  Overlord  
  19  2:30  Zergling x2  
  19  2:39  Roach Warren  
  19  2:40  Zergling x2  
  19  2:48  Zergling x2  
  20  2:55  Zergling x2  
  21  3:03  Zergling x2  
  22  3:07  Drone  
  22  3:08  Drone  
  22  3:09  Queen  
  26  3:14  Zergling x4  
  26  3:16  Overlord  
  28  3:21  Roach  
  28  3:23  Zergling x2  
  31  3:39  Roach  
  31  3:40  Roach  
  35  3:46  Roach  
  35  3:47  Drone  
  38  3:52  Drone  
  39  4:09  Roach x2  
Tags
 
Matchup
ZvZ
Race
Zerg
Spawn Locations
Close Positions
Add a new tag
Caveats
  • Supply blocks, unpowered buildings, or Contaminate may cause inaccurate times.
  • Supply counts are checked every 10 seconds.